SAA
ST. PETERSBURG THUNDER @ ATLANTIC CITY SONICS
06/02/2042
 
TOP OF THE 1ST
St. Petersburg Thunder batting - Pitching for Atlantic City Sonics : RHP Arturo Mesa
Pitching: RHP Arturo Mesa
Batting: LHB Lorenzo Ortíz 0-0: Ball
1-0: Foul Ball, location: 2F
1-1: Called Strike
1-2: Foul Ball, location: 2F
1-2: Ball
2-2: Fly out, F7 (Flyball, 7LMF, EV 90.0 MPH)
Batting: LHB Caspar Fewings 0-0: Ball
1-0: Called Strike
1-1: Called Strike
1-2: Strikes out looking
Pitching: LHP Einar Engberg
Batting: RHB Gene Blanton 0-0: SINGLE (Line Drive, 4D, EV 105.0 MPH)
Batting: SHB Fernando Urby 0-0: Ball
1-0: Called Strike
1-1: Ball
2-1: Called Strike
Gene Blanton steals 2nd base
2-2: Strikes out swinging
Top of the 1st over - 0 runs, 1 hit, 0 errors, 1 left on base; St. Petersburg 0 - Atlantic City 0
BOTTOM OF THE 1ST
Atlantic City Sonics batting - Pitching for St. Petersburg Thunder : RHP Jhon Aimar
Pitching: RHP Jhon Aimar
Batting: RHB Jerry Scott 0-0: Reached on error, E5 (Groundball, 56, EV 86.9 MPH)
Batting: RHB Román Ramírez 0-0: Ball
1-0: Ball
2-0: Ball
3-0: Base on Balls
Jerry Scott to second
Batting: RHB Zhong-yan Zhang 0-0: Called Strike
0-1: Foul Ball, location: 2F
0-2: Ball
1-2: Strikes out swinging
Batting: SHB John Clements 0-0: Called Strike
0-1: Foul Ball, location: 2F
0-2: Ball
1-2: Strikes out looking
Batting: RHB Garm van Opdorp 0-0: Ball
1-0: Called Strike
1-1: Ball
2-1: Foul Ball, location: 2F
2-2: Ball
3-2: Ground out 6-3 (Groundball, 6, EV 102.5 MPH)
Bottom of the 1st over - 0 runs, 0 hits, 1 error, 2 left on base; St. Petersburg 0 - Atlantic City 0
TOP OF THE 2ND
St. Petersburg Thunder batting - Pitching for Atlantic City Sonics : LHP Einar Engberg
Batting: RHB Patrício Gerardes 0-0: Called Strike
0-1: Fly out, F8 (Flyball, 8RD, EV 100.0 MPH)
Batting: RHB Alfred Coleman 0-0: Ball
1-0: Fly out, F8 (Flyball, 8LS, EV 87.5 MPH)
Batting: SHB Tekkan Hayagawa 0-0: Called Strike
0-1: Ball
1-1: Foul Ball, location: 2F
1-2: Ball
2-2: Strikes out swinging
Top of the 2nd over - 0 runs, 0 hits, 0 errors, 0 left on base; St. Petersburg 0 - Atlantic City 0
BOTTOM OF THE 2ND
Atlantic City Sonics batting - Pitching for St. Petersburg Thunder : RHP Jhon Aimar
Batting: LHB Luis Ortíz 0-0: Ball
1-0: SINGLE (Line Drive, 56D, EV 103.1 MPH)
Batting: RHB Denis Perrin 0-0: Ball
1-0: Ball
2-0: Grounds into double play, 6-4-3 (Groundball, 6, EV 100.6 MPH)
Batting: LHB Jorge Quilez 0-0: Ball
1-0: Ball
2-0: Ball
3-0: Base on Balls
Batting: RHB Jared Guth 0-0: Ball
1-0: Called Strike
Jorge Quilez steals 2nd base
1-1: Ball
2-1: Ball
3-1: Foul Ball, location: 2F
3-2: Base on Balls
Batting: RHB Jerry Scott 0-0: Ball
1-0: Ball
2-0: Fly out, F8 (Flyball, 78XD, EV 90.0 MPH)
Bottom of the 2nd over - 0 runs, 1 hit, 0 errors, 2 left on base; St. Petersburg 0 - Atlantic City 0
TOP OF THE 3RD
St. Petersburg Thunder batting - Pitching for Atlantic City Sonics : LHP Einar Engberg
Batting: RHB Curtis Tiger 0-0: SINGLE (Groundball, 4D, EV 105.6 MPH)
Batting: RHB David Filmer 0-0: Fielders Choice at 2nd, 4-6 (Groundball, 4MD, EV 102.5 MPH)
Batting: LHB Lorenzo Ortíz 0-0: Ball
1-0: Ball
2-0: Foul Ball, location: 2F
2-1: Foul Ball, location: 2F
2-2: Fielders Choice at 2nd, 2-4 (Groundball, 2L, EV 76.2 MPH)
Batting: LHB Caspar Fewings 0-0: Ball
1-0: Called Strike
1-1: SINGLE (Line Drive, 78S, EV 107.5 MPH)
Lorenzo Ortíz to second
Batting: RHB Gene Blanton 0-0: Fly out, F7 (Flyball, 7, EV 86.9 MPH)
Top of the 3rd over - 0 runs, 2 hits, 0 errors, 2 left on base; St. Petersburg 0 - Atlantic City 0
BOTTOM OF THE 3RD
Atlantic City Sonics batting - Pitching for St. Petersburg Thunder : RHP Jhon Aimar
Batting: RHB Román Ramírez 0-0: Ball
1-0: Called Strike
1-1: Ball
2-1: Foul Ball, location: 2F
2-2: Ball
3-2: Strikes out looking
Batting: RHB Zhong-yan Zhang 0-0: Ball
1-0: Swinging Strike
1-1: Foul Ball, location: 2F
1-2: Strikes out swinging, 2-3 out at first.
Batting: SHB John Clements 0-0: Swinging Strike
0-1: Ball
1-1: Ball
2-1: Ball
3-1: Base on Balls
Batting: RHB Garm van Opdorp 0-0: Ball
1-0: Ball
2-0: Swinging Strike
2-1: Foul Ball, location: 2F
2-2: Strikes out swinging
Bottom of the 3rd over - 0 runs, 0 hits, 0 errors, 1 left on base; St. Petersburg 0 - Atlantic City 0
TOP OF THE 4TH
St. Petersburg Thunder batting - Pitching for Atlantic City Sonics : LHP Einar Engberg
Batting: SHB Fernando Urby 0-0: Ball
1-0: Fly out, F2 (Popup, 23F, EV 87.5 MPH)
Batting: RHB Patrício Gerardes 0-0: Foul Ball, location: 2F
0-1: Ball
1-1: Swinging Strike
1-2: Foul Ball, location: 2F
1-2: Strikes out looking
Batting: RHB Alfred Coleman 0-0: Ball
1-0: Ball
2-0: Ball
3-0: Base on Balls
Batting: SHB Tekkan Hayagawa 0-0: Fielders Choice at 2nd, 6-4 (Groundball, 6, EV 80.0 MPH)
Top of the 4th over - 0 runs, 0 hits, 0 errors, 1 left on base; St. Petersburg 0 - Atlantic City 0
BOTTOM OF THE 4TH
Atlantic City Sonics batting - Pitching for St. Petersburg Thunder : RHP Jhon Aimar
Batting: LHB Luis Ortíz 0-0: SINGLE (Line Drive, 7S, EV 106.2 MPH)
Batting: RHB Denis Perrin 0-0: Called Strike
0-1: Foul Ball, location: 2F
0-2: Fielders Choice at 2nd, 6-4 (Groundball, 6, EV 80.0 MPH)
Batting: LHB Jorge Quilez 0-0: Ball
1-0: Swinging Strike
Passed Ball!
Denis Perrin to second
1-1: Swinging Strike
1-2: Foul Ball, location: 2F
1-2: Ball
2-2: SINGLE (Line Drive, 7S, EV 98.8 MPH)
Denis Perrin to third
Batting: RHB Jared Guth 0-0: Ball
1-0: Foul Ball, location: 2F
1-1: Ball
2-1: Foul Ball, location: 2F
2-2: SINGLE (Line Drive, 4MD, EV 100.6 MPH)
Denis Perrin scores
Jorge Quilez to second
Batting: RHB Jerry Scott 0-0: Swinging Strike
0-1: Ball
1-1: Called Strike
1-2: Foul Ball, location: 2F
1-2: Fly out, F7 (Flyball, 7, EV 96.9 MPH)
Batting: RHB Román Ramírez 0-0: Ball
1-0: Foul Ball, location: 2F
1-1: Ball
2-1: Called Strike
2-2: Foul Ball, location: 2F
2-2: Ball
3-2: Base on Balls
Jorge Quilez to third
Jared Guth to second
Batting: RHB Zhong-yan Zhang 0-0: Foul Ball, location: 2F
0-1: Swinging Strike
0-2: Hit by Pitch
Jorge Quilez scores
Jared Guth to third
Román Ramírez to second
Batting: SHB John Clements 0-0: Foul Ball, location: 2F
0-1: Ball
1-1: Foul Ball, location: 2F
1-2: Ball
2-2: Foul Ball, location: 2F
2-2: Fly out, F6 (Flyball, 5D, EV 91.2 MPH)
Bottom of the 4th over - 2 runs, 3 hits, 0 errors, 3 left on base; St. Petersburg 0 - Atlantic City 2
TOP OF THE 5TH
St. Petersburg Thunder batting - Pitching for Atlantic City Sonics : LHP Einar Engberg
Batting: RHB Curtis Tiger 0-0: Fly out, F7 (Flyball, 7S, EV 83.1 MPH)
Batting: RHB David Filmer 0-0: Hit by Pitch
Batting: LHB Lorenzo Ortíz 0-0: Called Strike
0-1: Foul Ball, location: 2F
0-2: Ball
1-2: DOUBLE (Flyball, 8LD, EV 91.2 MPH)
David Filmer to third
Batting: LHB Caspar Fewings 0-0: Ball
1-0: Swinging Strike
1-1: Swinging Strike
1-2: Ball
2-2: Strikes out looking
Batting: RHB Gene Blanton 0-0: Ball
1-0: Foul Ball, location: 2F
1-1: Swinging Strike
1-2: Foul Ball, location: 2F
1-2: Fly out, F7 (Flyball, 7S, EV 78.8 MPH)
Top of the 5th over - 0 runs, 1 hit, 0 errors, 2 left on base; St. Petersburg 0 - Atlantic City 2
BOTTOM OF THE 5TH
Atlantic City Sonics batting - Pitching for St. Petersburg Thunder : RHP Jhon Aimar
Batting: RHB Garm van Opdorp 0-0: Called Strike
0-1: Swinging Strike
0-2: Ground out 2-3 (Groundball, 2R, EV 71.9 MPH)
Pitching: LHP Curt Moore
Batting: LHB Luis Ortíz 0-0: Ball
1-0: Ball
2-0: Ball
3-0: Base on Balls
Batting: RHB Denis Perrin 0-0: Ball
1-0: SINGLE (Groundball, 4MD, EV 96.9 MPH)
Luis Ortíz to second
Batting: LHB Jorge Quilez 0-0: Fielders Choice at 2nd, 5-4 (Groundball, 56, EV 83.1 MPH)
Luis Ortíz to third
Batting: RHB Jared Guth 0-0: Ball
1-0: Ball
2-0: Called Strike
2-1: Ball
3-1: Called Strike
3-2: Strikes out looking
Bottom of the 5th over - 0 runs, 1 hit, 0 errors, 2 left on base; St. Petersburg 0 - Atlantic City 2
TOP OF THE 6TH
St. Petersburg Thunder batting - Pitching for Atlantic City Sonics : LHP Einar Engberg
Batting: SHB Fernando Urby 0-0: Ball
1-0: Swinging Strike
1-1: Ball
2-1: Foul Ball, location: 2F
2-2: Strikes out swinging
Batting: RHB Patrício Gerardes 0-0: Called Strike
0-1: Ball
1-1: Swinging Strike
1-2: Ball
2-2: Foul Ball, location: 2F
2-2: Fly out, F9 (Flyball, 9LS, EV 89.4 MPH)
Batting: RHB Alfred Coleman 0-0: Ball
1-0: Called Strike
1-1: Ball
2-1: SINGLE (Groundball, 6MD, EV 103.1 MPH)
Pitching: RHP Craig Gunter
Batting: SHB Tekkan Hayagawa 0-0: Called Strike
0-1: Reached on error, E4 (Groundball, 4, EV 85.6 MPH)
Alfred Coleman to third
Batting: RHB Curtis Tiger 0-0: Fly out, F9 (Flyball, 9S, EV 88.8 MPH)
Top of the 6th over - 0 runs, 1 hit, 1 error, 2 left on base; St. Petersburg 0 - Atlantic City 2
BOTTOM OF THE 6TH
Atlantic City Sonics batting - Pitching for St. Petersburg Thunder : LHP Curt Moore
Batting: RHB Jerry Scott 0-0: Ball
1-0: Swinging Strike
1-1: Ball
2-1: Ball
3-1: SINGLE (Groundball, 4D, EV 103.1 MPH)
Batting: RHB Román Ramírez 0-0: Bunt missed!
0-1: Ball
1-1: Called Strike
Jerry Scott steals 2nd, throwing error, E2
Jerry Scott to third
1-2: Ball
2-2: Fly out, F9 (Flyball, 9S, EV 94.4 MPH)
Runner from 3rd tags up, SCORES, throw by RF
Batting: RHB Zhong-yan Zhang 0-0: Ball
1-0: Called Strike
1-1: Ball
2-1: Foul Ball, location: 2F
2-2: Ball
3-2: Foul Ball, location: 2F
3-2: SINGLE (Line Drive, 9LS, EV 90.0 MPH)
Batting: SHB John Clements 0-0: Ground out 4-3 (Groundball, 4S, EV 88.1 MPH)
Zhong-yan Zhang to second
Batting: RHB Garm van Opdorp 0-0: Called Strike
0-1: Swinging Strike
0-2: Fly out, F9 (Line Drive, 9, EV 99.4 MPH)
Bottom of the 6th over - 1 run, 2 hits, 1 error, 1 left on base; St. Petersburg 0 - Atlantic City 3
TOP OF THE 7TH
St. Petersburg Thunder batting - Pitching for Atlantic City Sonics : RHP Craig Gunter
Batting: RHB David Filmer 0-0: Foul Ball, location: 2F
0-1: Called Strike
0-2: Ball
1-2: Ball
2-2: Foul Ball, location: 2F
2-2: Strikes out swinging, 2-3 out at first.
Batting: LHB Lorenzo Ortíz 0-0: Ball
1-0: Fly out, F8 (Line Drive, 8RD, EV 87.5 MPH)
Batting: LHB Caspar Fewings 0-0: Ball
1-0: Ball
2-0: Called Strike
2-1: Called Strike
2-2: Foul Ball, location: 2F
2-2: Foul Ball, location: 2F
2-2: Strikes out swinging
Top of the 7th over - 0 runs, 0 hits, 0 errors, 0 left on base; St. Petersburg 0 - Atlantic City 3
BOTTOM OF THE 7TH
Atlantic City Sonics batting - Pitching for St. Petersburg Thunder : LHP Curt Moore
Batting: LHB Luis Ortíz 0-0: Fly out, F9 (Flyball, 89S, EV 83.8 MPH)
Batting: RHB Denis Perrin 0-0: Called Strike
0-1: Foul Ball, location: 2F
0-2: Ball
1-2: Ground out 3-1 (Groundball, 34D, EV 87.5 MPH)
Batting: LHB Jorge Quilez 0-0: Foul Ball, location: 2F
0-1: Called Strike
0-2: Ball
1-2: Foul Ball, location: 2F
1-2: Ball
2-2: Strikes out looking
Bottom of the 7th over - 0 runs, 0 hits, 0 errors, 0 left on base; St. Petersburg 0 - Atlantic City 3
TOP OF THE 8TH
St. Petersburg Thunder batting - Pitching for Atlantic City Sonics : RHP Craig Gunter
Batting: RHB Gene Blanton 0-0: Ball
1-0: SINGLE (Groundball, 56S, EV 68.1 MPH) (infield hit)
Batting: SHB Fernando Urby 0-0: Ball
1-0: Fly out, F5 (Popup, 5SF, EV 78.8 MPH)
Batting: RHB Patrício Gerardes Pickoff Throw to First - Error! E1
Gene Blanton to second
0-0: Foul Ball, location: 2F
0-1: Ball
1-1: Foul Ball, location: 2F
1-2: Foul Ball, location: 2F
1-2: Ground out 5-3 (Groundball, 5, EV 86.2 MPH)
Batting: RHB Alfred Coleman 0-0: Fly out, F8 (Flyball, 8LD, EV 104.4 MPH)
Top of the 8th over - 0 runs, 1 hit, 1 error, 1 left on base; St. Petersburg 0 - Atlantic City 3
BOTTOM OF THE 8TH
Atlantic City Sonics batting - Pitching for St. Petersburg Thunder : LHP Curt Moore
Batting: RHB Jared Guth 0-0: Called Strike
0-1: Called Strike
0-2: Ball
1-2: Strikes out looking
Batting: RHB Jerry Scott 0-0: Ball
1-0: Called Strike
1-1: Called Strike
1-2: Strikes out swinging
Batting: RHB Román Ramírez 0-0: Foul Ball, location: 2F
0-1: Ground out 1-3 (Groundball, 13S, EV 74.4 MPH)
Bottom of the 8th over - 0 runs, 0 hits, 0 errors, 0 left on base; St. Petersburg 0 - Atlantic City 3
TOP OF THE 9TH
St. Petersburg Thunder batting - Pitching for Atlantic City Sonics : RHP Craig Gunter
Pitching: LHP Fernando Mora
Batting: SHB Tekkan Hayagawa 0-0: Called Strike
0-1: Ground out 6-3 (Groundball, 6, EV 101.2 MPH)
Batting: RHB Curtis Tiger 0-0: Ball
1-0: Ball
2-0: Ball
3-0: Called Strike
3-1: Ground out 3-1 (Groundball, 34, EV 96.2 MPH)
Batting: RHB David Filmer 0-0: Ball
1-0: Called Strike
1-1: Ball
2-1: Ground out 6-3 (Groundball, 6, EV 77.5 MPH)
Top of the 9th over - 0 runs, 0 hits, 0 errors, 0 left on base; St. Petersburg 0 - Atlantic City 3
Friday, March 26th, 2021 - OOTP Baseball 20.8 Build 74